[Event "Late-Titled-Tuesday-Blitz-October-10-2023"]
[Site "Chess.com"]
[Date "2023.10.10"]
[Round "1"]
[White "DonBroca"]
[Black "ValeriyGrinev"]
[Result "0-1"]
[WhiteElo "2218"]
[BlackElo "2586"]
[TimeControl "180+1"]
[EndTime "14:01:11 PDT"]
[Termination "ValeriyGrinev won by checkmate"]

1. e4 c5 2. c3 Nf6 3. e5 Nd5 4. d4 cxd4 5. cxd4 d6 6. Nf3 Nc6 7. Bb5 Qa5+ 8. Nc3 Nxc3 9. Bxc6+ bxc6 10. bxc3 Qxc3+ 11. Bd2 Qd3 12. Rc1 Ba6 13. Rxc6 Qe4+ 14. Qe2 Qxe2# 0-1

[Event "Late-Titled-Tuesday-Blitz-October-10-2023"]
[Site "Chess.com"]
[Date "2023.10.10"]
[Round "1"]
[White "Qvalda"]
[Black "greekplayer1"]
[Result "1-0"]
[WhiteElo "2386"]
[BlackElo "2668"]
[TimeControl "180+1"]
[EndTime "14:02:18 PDT"]
[Termination "Qvalda won by resignation"]

1. Nf3 Nf6 2. g3 d5 3. Bg2 Nc6 4. d4 Bg4 5. O-O Qd7 6. c4 dxc4 7. Qa4 O-O-O 8. Ne5 Nxe5 9. Qxa7 Qxd4 10. Bxb7+ Kd7 11.
Qxd4+ Ke6 12. Qc5 h5 13. Bf4 1-0

[Event "Late-Titled-Tuesday-Blitz-October-10-2023"]
[Site "Chess.com"]
[Date "2023.10.10"]
[Round "1"]
[White "GothamChess"]
[Black "Vegan4future"]
[Result "1-0"]
[WhiteElo "2744"]
[BlackElo "2408"]
[TimeControl "180+1"]
[EndTime "14:02:28 PDT"]
[Termination "GothamChess won by resignation"]

1. e4 e5 2. Nc3 Nf6 3. f4 d5 4. fxe5 Nxe4 5. Qf3 f5 6. d3 Nxc3 7. bxc3 Be6 8. Rb1 b6 9. d4 Nd7 10. Nh3 Be7 11. Nf4 Nf8 12. Nxe6 Nxe6 13. Bb5+ Kf7 14. Qxf5+ Bf6 15. exf6 Qxf6 16. O-O 1-0

[Event "Late-Titled-Tuesday-Blitz-October-10-2023"]
[Site "Chess.com"]
[Date "2023.10.10"]
[Round "1"]
[White "sofaceindisguise"]
[Black "traack"]
[Result "1-0"]
[WhiteElo "2766"]
[BlackElo "2418"]
[TimeControl "180+1"]
[EndTime "14:02:39 PDT"]
[Termination "sofaceindisguise won by resignation"]

1. e4 c5 2. Nf3 e6 3. d4 cxd4 4.
Nxd4 Nc6 5. Nc3 Qc7 6. Be2 a6 7. O-O Nf6 8. Nxc6 Qxc6 9. e5 Ng8 10.
f4 Ne7 11. Bf3 Qc7 12. Kh1 Nf5 13. g4 Nh4 14. Be4 g5 15. fxg5 Qxe5 16. Bf4 Qc5 17.
Bg3 Ng6 18. Qf3 Ne5 19. Qf6 1-0

[Event "Late-Titled-Tuesday-Blitz-October-10-2023"]
[Site "Chess.com"]
[Date "2023.10.10"]
[Round "1"]
[White "shimastream"]
[Black "Ykow"]
[Result "1-0"]
[WhiteElo "3002"]
[BlackElo "2505"]
[TimeControl "180+1"]
[EndTime "14:03:12 PDT"]
[Termination "shimastream won by resignation"]

1. g3 e5 2. Bg2 d5 3. d3 Nf6 4. Nf3 Bd6 5. O-O O-O 6. Nc3 c6 7. e4 dxe4 8. dxe4 h6 9. Nh4 Qc7 10. h3 a5 11. a4 Na6 12. f4 Rd8 13. Qf3 Nb4 14. Qf2 Be6 15. Be3 Rd7 16. b3 Re8 17. f5 c5 18. fxe6 fxe6 19. Bxh6 Rf8 20. Nb5 Qc6 21.
Nxd6 Qxd6 22. Be3 Rdf7 23. Qe2 Nc6 24. c3 1-0

[Event "Late-Titled-Tuesday-Blitz-October-10-2023"]
[Site "Chess.com"]
[Date "2023.10.10"]
[Round "1"]
[White "LoaySameer"]
[Black "HeinichessPY"]
[Result "1-0"]
[WhiteElo "2558"]
[BlackElo "2170"]
[TimeControl "180+1"]
[EndTime "14:03:13 PDT"]
[Termination "LoaySameer won by resignation"]

1. Nf3 Nf6 2. g3 g6 3. Bg2 Bg7 4. O-O O-O 5. d3 d6 6. e4 c6 7. c3 Qa5 8. h3 Qh5 9. g4 Qa5 10. Re1 Qc7 11. d4 Nbd7 12. Bf4 e5 13. Bg3 Re8 14. Nbd2 b6 15. Nc4 Bb7 16. dxe5 dxe5 17.
Nfxe5 Nxe5 18. Bxe5 Qe7 19. Bd6 Qe6 20. b3 Rad8 21.
e5 Nd5 22. Qc2 b5 23. Na5 Bc8 24. Nxc6 Rd7 25. Nd4 Rxd6 26. Nxe6 Rdxe6 27. Bxd5 Rxe5 28. Rxe5 Rxe5 29. Rd1 1-0

[Event "Late-Titled-Tuesday-Blitz-October-10-2023"]
[Site "Chess.com"]
[Date "2023.10.10"]
[Round "1"]
[White "Cayse"]
[Black "Haykoooo0o"]
[Result "1-0"]
[WhiteElo "2854"]
[BlackElo "2448"]
[TimeControl "180+1"]
[EndTime "14:03:23 PDT"]
[Termination "Cayse won by resignation"]

1. e4 c6 2. Nf3 d5 3. d3 dxe4 4.
dxe4 Qxd1+ 5. Kxd1 Bg4 6. Nd2 Nd7 7. Be2 e5 8. b3 Bc5 9. Ne1 Bxe2+ 10. Kxe2 Bd4 11.
Rb1 Ne7 12. Nd3 f6 13. Rd1 O-O-O 14. Ba3 Ng6 15. Nc4 Rhg8 16. Bb4 Nb6 17. Nd6+ Kc7 18. Nf5 Rd7 19. c3 c5 20. Ba5 c4 21. bxc4 1-0

[Event "Late-Titled-Tuesday-Blitz-October-10-2023"]
[Site "Chess.com"]
[Date "2023.10.10"]
[Round "1"]
[White "josiwales"]
[Black "szachmistrz2500"]
[Result "1-0"]
[WhiteElo "2741"]
[BlackElo "2406"]
[TimeControl "180+1"]
[EndTime "14:03:32 PDT"]
[Termination "josiwales won by checkmate"]

1. e4 c5 2. Nc3 e6 3. g3 Nc6 4. Bg2 g6 5. d3 Bg7 6. Be3 Nd4 7.
Qd2 Rb8 8. Nd1 d6 9. c3 Nc6 10. Ne2 b5 11. f4 Nge7 12. g4 h5 13. g5 b4 14. h4 bxc3 15. bxc3 Qa5 16. O-O Ba6 17. f5 Be5 18. Nf4 Bxf4 19. Bxf4 e5 20. Be3 O-O 21. Bf3 Rb6 22. f6 Nc8 23. Bxh5 gxh5 24. Qe2 Nd8 25. Qxh5 Bxd3 26. g6 Bxe4 27. Qh7# 1-0

[Event "Late-Titled-Tuesday-Blitz-October-10-2023"]
[Site "Chess.com"]
[Date "2023.10.10"]
[Round "1"]
[White "artin10862"]
[Black "kaanadayhamle"]
[Result "0-1"]
[WhiteElo "2790"]
[BlackElo "2447"]
[TimeControl "180+1"]
[EndTime "14:03:34 PDT"]
[Termination "kaanadayhamle won by resignation"]

1. Nf3 Nf6 2. c4 e6 3. Nc3 d5 4.
cxd5 exd5 5. d4 c6 6. Bf4 Bd6 7. Bxd6 Qxd6 8. e3 O-O 9. Bd3 Bg4 10. Qc2 Nbd7 11. Nh4 Rfe8 12. h3 Bh5 13. O-O Bg6 14. Nxg6 hxg6 15. b4 Rac8 16. Rab1 Nb6 17. Qe2 Ne4 18. Rfc1 Rc7 19. a4 Nxc3 20. Rxc3 Nxa4 21.
Ra3 b5 22. Bxb5 cxb5 23. Qxb5 Rec8 24. g3 Nc3 25. Qd3 Nxb1 0-1

[Event "Late-Titled-Tuesday-Blitz-October-10-2023"]
[Site "Chess.com"]
[Date "2023.10.10"]
[Round "1"]
[White "Arimin1329"]
[Black "Arteler"]
[Result "0-1"]
[WhiteElo "2274"]
[BlackElo "2615"]
[TimeControl "180+1"]
[EndTime "14:03:50 PDT"]
[Termination "Arteler won by resignation"]

1. Nf3 d5 2. d4 c5 3. c3 Nc6 4.
g3 Bg4 5. Bg2 e6 6. O-O Nf6 7.
Bf4 Be7 8. Ne5 Nxe5 9. Bxe5 O-O 10. Bxf6 Bxf6 11. dxc5 Qc7 12. b4 a5 13. Nd2 Bxc3 14.
Rc1 axb4 15. Nb1 Qxc5 16. Qb3 Bxe2 17. Nxc3 bxc3 18. Rxc3 Bc4 19. Qxb7 Qd6 20. Rxc4 dxc4 21. Qxa8 Rxa8 22. Bxa8 Qa6 23. Bf3 Qxa2 24. Rc1 g5 25.
Be4 h5 0-1

[Event "Late-Titled-Tuesday-Blitz-October-10-2023"]
[Site "Chess.com"]
[Date "2023.10.10"]
[Round "1"]
[White "djano"]
[Black "Sulthankan"]
[Result "1-0"]
[WhiteElo "2672"]
[BlackElo "2345"]
[TimeControl "180+1"]
[EndTime "14:03:57 PDT"]
[Termination "djano won by resignation"]

1. e4 c5 2. Nc3 a6 3. g3 b5 4. Bg2 Bb7 5. d3 e6 6. Nh3 Be7 7. O-O d5 8. exd5 exd5 9. Nf4 Nf6 10. Qf3 O-O 11. Ncxd5 Nxd5 12. Nxd5 Bxd5 13. Qxd5 Ra7 14. Re1 Rd7 15. Qf5 g6 16. Qe5 Bd6 17. Qc3 Qc7 18. Bh6 f6 19. Bxf8 Bxf8 20. Qxf6 1-0

[Event "Late-Titled-Tuesday-Blitz-October-10-2023"]
[Site "Chess.com"]
[Date "2023.10.10"]
[Round "1"]
[White "Zq1"]
[Black "Elbebiber"]
[Result "1-0"]
[WhiteElo "2550"]
[BlackElo "2147"]
[TimeControl "180+1"]
[EndTime "14:03:58 PDT"]
[Termination "Zq1 won by resignation"]

1. d4 d5 2. Nf3 c6 3. Bf4 Bf5 4. e3 e6 5. Be2 Nf6 6. O-O Be7 7. c4 O-O 8. Qb3 Qb6 9. c5 Qxb3 10. axb3 a6 11.
b4 Nbd7 12. h3 h6 13. Nc3 Ne4 14. Ra3 Rfe8 15. Nxe4 Bxe4 16. Nd2 Bg6 17. Nb3 Bd8 18.
b5 a5 19. Rfa1 Nf6 20. Nxa5 Bxa5 21. Rxa5 Rxa5 22. Rxa5 Ne4 23. Ra7 1-0

[Event "Late-Titled-Tuesday-Blitz-October-10-2023"]
[Site "Chess.com"]
[Date "2023.10.10"]
[Round "1"]
[White "Maestro1986"]
[Black "KejJaj"]
[Result "1-0"]
[WhiteElo "2556"]
[BlackElo "2166"]
[TimeControl "180+1"]
[EndTime "14:04:09 PDT"]
[Termination "Maestro1986 won by resignation"]

1. d4 f5 2. c4 Nf6 3. Nc3 e6 4. Nf3 Bb4 5. Qc2 O-O 6. h3 b6 7. g4 Ne4 8. gxf5 exf5 9. a3 Bxc3+ 10. bxc3 Bb7 11. Rg1 Nc6 12. Bf4 Ne7 13. d5 Ng6 14.
Be3 d6 15. Nd4 Qe7 16. Ne6 Rf7 17. O-O-O c6 18. f3 Nc5 19. Bxc5 bxc5 20. e4 fxe4 21. Qxe4 cxd5 22. cxd5 Rb8 23. Bd3 Rf6 24. h4 Bxd5 25. Qxd5 Qxe6 26. Qxe6+ Rxe6 27. Bc4 Nf4 28. Rxd6 Re8 29.
Re1 Nd3+ 30. Rxd3 Kf7 31. Rde3 1-0

[Event "Late-Titled-Tuesday-Blitz-October-10-2023"]
[Site "Chess.com"]
[Date "2023.10.10"]
[Round "1"]
[White "iturrizaga"]
[Black "arminmusovic"]
[Result "1-0"]
[WhiteElo "2993"]
[BlackElo "2504"]
[TimeControl "180+1"]
[EndTime "14:04:12 PDT"]
[Termination "iturrizaga won by resignation"]

1. d4 d5 2. Nf3 Nf6 3. c4 c5 4. cxd5 cxd4 5. Qa4+ Qd7 6. Qxd4 Qxd5 7. Nc3 Qxd4 8.
Nxd4 a6 9. Bf4 Nbd7 10. Bg3 e5 11. Nf5 e4 12. Nd6+ Bxd6 13. Bxd6 b5 14. e3 Bb7 15. Be2 Rc8 16. O-O Nb6 17. a4 Nc4 18. Bb4 Bc6 19. axb5 axb5 20. Ra7 Nd7 21. Rd1 f5 22. b3 Nce5 23.
Nxb5 Bxb5 24. Bxb5 Rb8 25. Bxd7+ Nxd7 26. Raxd7 h5 27.
Re7+ 1-0

[Event "Late-Titled-Tuesday-Blitz-October-10-2023"]
[Site "Chess.com"]
[Date "2023.10.10"]
[Round "1"]
[White "Elsa167"]
[Black "koncheto"]
[Result "1-0"]
[WhiteElo "2918"]
[BlackElo "2488"]
[TimeControl "180+1"]
[EndTime "14:04:13 PDT"]
[Termination "Elsa167 won by resignation"]

1. d4 Nf6 2. c4 e6 3. Nf3 c5 4.
d5 exd5 5. cxd5 d6 6. Nc3 g6 7. e4 a6 8. Bg5 Bg4 9. Qa4+ Nbd7 10. Bxf6 Qxf6 11. e5 Qf5 12. Be2 Bxf3 13. Bxf3 b5 14. Nxb5 Nb6 15. Nxd6+ Kd8 16. Qe8+ Kc7 17. Qc6+ 1-0

[Event "Late-Titled-Tuesday-Blitz-October-10-2023"]
[Site "Chess.com"]
[Date "2023.10.10"]
[Round "1"]
[White "venturov"]
[Black "baag"]
[Result "0-1"]
[WhiteElo "2452"]
[BlackElo "2874"]
[TimeControl "180+1"]
[EndTime "14:04:37 PDT"]
[Termination "baag won by resignation"]

1. Nf3 Nf6 2. c4 e6 3. b3 d5 4.
Bb2 a5 5. Nc3 Be7 6. e3 O-O 7.
cxd5 exd5 8. d4 Bf5 9. Bd3 Bxd3 10. Qxd3 c6 11. O-O Nbd7 12. Ne5 Nxe5 13. dxe5 Nd7 14. f4 f6 15. Ne2 fxe5 16. fxe5 Nc5 17. Qd4 Qd7 18.
Nf4 Ne6 19. Qd1 Bc5 20. Qe2 Nxf4 21. Rxf4 Rxf4 22. Kh1 Re4 23. Rf1 Rf8 24. Rxf8+ Bxf8 25. h3 Qf5 0-1

[Event "Late-Titled-Tuesday-Blitz-October-10-2023"]
[Site "Chess.com"]
[Date "2023.10.10"]
[Round "1"]
[White "Ramosha"]
[Black "AlexandraBotez"]
[Result "1-0"]
[WhiteElo "2616"]
[BlackElo "2276"]
[TimeControl "180+1"]
[EndTime "14:04:39 PDT"]
[Termination "Ramosha won by resignation"]

1. e4 e6 2. Nf3 d5 3. d3 c5 4. Nbd2 Nc6 5. g3 Nf6 6. Bg2 Bd6 7. O-O O-O 8. Re1 Qc7 9. c3 Rb8 10. Qe2 Nd7 11. d4 cxd4 12. cxd4 dxe4 13. Nxe4 Bb4 14.
Bf4 e5 15. dxe5 Bxe1 16. Rxe1 Qb6 17. e6 fxe6 18. Bxb8 Ndxb8 19. Neg5 e5 20. Qc4+ Kh8 21. Nf7+ Rxf7 22. Qxf7 Qd8 23. Nxe5 Nxe5 24. Rxe5 Qd1+ 25. Bf1 h6 26. Re8+ Kh7 27. Rxc8 1-0

[Event "Late-Titled-Tuesday-Blitz-October-10-2023"]
[Site "Chess.com"]
[Date "2023.10.10"]
[Round "1"]
[White "Byniolus"]
[Black "NLLO777"]
[Result "1-0"]
[WhiteElo "2707"]
[BlackElo "2382"]
[TimeControl "180+1"]
[EndTime "14:04:44 PDT"]
[Termination "Byniolus won by checkmate"]

1. d4 Nf6 2. Nf3 e6 3. Bf4 c5 4. c3 d5 5. e3 Nc6 6. Nbd2 Bd6 7. Bg3 O-O 8. Bd3 a6 9. Ne5 Qc7 10. f4 b5 11. a3 Rb8 12. O-O a5 13. Qc2 h6 14. h3 Bd7 15. Bh4 Rfc8 16. Bxf6 gxf6 17. Ng4 Kg7 18. Qd1 f5 19. Ne5 Nxe5 20. fxe5 Be7 21. g4 fxg4 22. Qxg4+ Kf8 23. Rxf7+ Kxf7 24. Qg6+ Kf8 25. Rf1+ Bf6 26. Qxf6+ Ke8 27. Bg6# 1-0

[Event "Late-Titled-Tuesday-Blitz-October-10-2023"]
[Site "Chess.com"]
[Date "2023.10.10"]
[Round "1"]
[White "wadsy27"]
[Black "BeyondMadness"]
[Result "1-0"]
[WhiteElo "2641"]
[BlackElo "2328"]
[TimeControl "180+1"]
[EndTime "14:04:50 PDT"]
[Termination "wadsy27 won by resignation"]

1. Nf3 g6 2. g3 Bg7 3. Bg2 c5 4. O-O d6 5. c4 Nc6 6. Nc3 e5 7. a3 Nge7 8. b4 O-O 9. Rb1 h6 10. b5 Nd4 11. e3 Nxf3+ 12. Bxf3 Rb8 13. a4 Be6 14. d3 b6 15. a5 d5 16. cxd5 Nxd5 17.
Nxd5 Bxd5 18. Bxd5 Qxd5 19. e4 Qd6 20. Qb3 Rfd8 21.
Rd1 a6 22. Bd2 bxa5 23. b6 a4 24. Qxa4 Rxb6 25. Rxb6 Qxb6 26. Ba5 Qb8 27. Bxd8 Qxd8 28. Qxa6 Bf8 29. Qc4 Qa5 30. Rb1 Qa7 31. Qd5 1-0

[Event "Late-Titled-Tuesday-Blitz-October-10-2023"]
[Site "Chess.com"]
[Date "2023.10.10"]
[Round "1"]
[White "Road2GM3000"]
[Black "TanitoluwaAps116"]
[Result "0-1"]
[WhiteElo "2362"]
[BlackElo "2687"]
[TimeControl "180+1"]
[EndTime "14:04:52 PDT"]
[Termination "TanitoluwaAps116 won by resignation"]

1. d4 Nf6 2. c4 e6 3. Nf3 b6 4. Nc3 Bb7 5. Bg5 Be7 6. e3 O-O 7. Bd3 d6 8. Qc2 Nbd7 9. O-O-O a6 10. Kb1 Qc8 11. e4 h6 12. Bh4 Re8 13. h3 c5 14.
e5 dxe5 15. dxe5 Bxf3 16. gxf3 Nxe5 17. f4 Nf3 18. Bg3 Nd4 19. Ne4 Nxc2 0-1

[Event "Late-Titled-Tuesday-Blitz-October-10-2023"]
[Site "Chess.com"]
[Date "2023.10.10"]
[Round "1"]
[White "pinguino120"]
[Black "feuervogel1000000"]
[Result "0-1"]
[WhiteElo "2218"]
[BlackElo "2581"]
[TimeControl "180+1"]
[EndTime "14:04:53 PDT"]
[Termination "feuervogel1000000 won by resignation"]

1. e4 c5 2. Nf3 d6 3. d4 cxd4 4. Nxd4 Nf6 5. Nc3 a6 6. Rg1 e5 7. Nb3 h5 8. h3 Be6 9. Bg5 Nbd7 10. Qf3 Be7 11. O-O-O b5 12. Kb1 Rc8 13. Nd5 Bxd5 14.
exd5 Qc7 15. Bd3 a5 16. Rc1 a4 17. Nd2 Qb7 18. c4 b4 19. Bf5 Rb8 20. Rge1 Nc5 21. Bxf6 Bxf6 22. Ne4 Nxe4 23. Qxe4 g6 24. Bxg6 fxg6 25. Qxg6+ Qf7 26. Qf5 Qh7 27. Qxh7 Rxh7 28.
g4 hxg4 29. hxg4 Bg5 30. Rcd1 Rc7 31. Re4 Kf7 32. Rh1 Kg6 33. b3 axb3 34. axb3 Rf8 35. Rh2 Rf3 36. Kc2 Ra7 37. Kb2 Ra3 0-1

[Event "Late-Titled-Tuesday-Blitz-October-10-2023"]
[Site "Chess.com"]
[Date "2023.10.10"]
[Round "1"]
[White "Herman-NY"]
[Black "dorpato"]
[Result "1-0"]
[WhiteElo "2538"]
[BlackElo "2066"]
[TimeControl "180+1"]
[EndTime "14:04:53 PDT"]
[Termination "Herman-NY won by resignation"]

1. e4 c5 2. Nf3 d6 3. d4 cxd4 4.
Nxd4 Nf6 5. Nc3 a6 6. Bc4 e5 7.
Nf5 Be7 8. Nxg7+ Kf8 9. Bh6 Kg8 10. Qf3 Bg4 11. Qg3 Bf8 12. Nf5 b5 13. Bb3 Nbd7 14. h3 a5 15. hxg4 Bxh6 16. Nxh6+ Kf8 17. g5 Ne8 18. Nxf7 1-0

[Event "Late-Titled-Tuesday-Blitz-October-10-2023"]
[Site "Chess.com"]
[Date "2023.10.10"]
[Round "1"]
[White "DanielNaroditsky"]
[Black "Pomberito2"]
[Result "1-0"]
[WhiteElo "3179"]
[BlackElo "2525"]
[TimeControl "180+1"]
[EndTime "14:04:58 PDT"]
[Termination "DanielNaroditsky won by resignation"]

1. e4 e6 2. d4 d5 3. Nd2 Nf6 4. e5 Nfd7 5. Bd3 c5 6. c3 Nc6 7. Ngf3 cxd4 8. cxd4 Nb6 9. O-O Bd7 10. a3 Rc8 11.
Re1 Na5 12. b3 Be7 13. Bb2 O-O 14. Nf1 Qe8 15. Ng3 Bb5 16. Bc2 Ba6 17. h4 Qc6 18.
Rc1 Qb5 19. Re3 Rc6 20. a4 Qb4 21. Bc3 Rxc3 22. Rxc3 Nc6 23. Bb1 Qa5 24. Nh5 Bb4 25. Bxh7+ Kxh7 26. Ng5+ Kg8 27. Nf6+ gxf6 28. Qh5 1-0

[Event "Late-Titled-Tuesday-Blitz-October-10-2023"]
[Site "Chess.com"]
[Date "2023.10.10"]
[Round "1"]
[White "hakanazeri2"]
[Black "flukeyNZ"]
[Result "1-0"]
[WhiteElo "2605"]
[BlackElo "2261"]
[TimeControl "180+1"]
[EndTime "14:04:58 PDT"]
[Termination "hakanazeri2 won by checkmate"]

1. Nf3 Nf6 2. c4 g6 3. Nc3 Bg7 4. e4 d6 5. d4 O-O 6. Be2 e5 7.
O-O Na6 8. dxe5 dxe5 9. Qxd8 Rxd8 10. Nxe5 Re8 11. f4 Nxe4 12. Nxe4 f6 13. Nxf6+ Bxf6 14. Bf3 c6 15. b3 Nc5 16. Bb2 g5 17. Bh5 Re7 18. Nxc6 Bxb2 19. Nxe7+ Kf8 20. Rae1 Nd3 21. fxg5+ Kg7 22. Rf7+ Kh8 23. Rf8+ Kg7 24. Rg8# 1-0

[Event "Late-Titled-Tuesday-Blitz-October-10-2023"]
[Site "Chess.com"]
[Date "2023.10.10"]
[Round "1"]
[White "Battever"]
[Black "Msb2"]
[Result "0-1"]
[WhiteElo "2514"]
[BlackElo "3045"]
[TimeControl "180+1"]
[EndTime "14:05:09 PDT"]
[Termination "Msb2 won on time"]

1. d4 d5 2. Nf3 e6 3. Bg5 Be7 4. Bxe7 Qxe7 5. Nbd2 Nf6 6. g3 O-O 7. Bg2 c5 8. dxc5 Qxc5 9. O-O Nc6 10. a3 e5 11. b4 Qe7 12. c4 e4 13. Ne1 Rd8 14.
cxd5 Rxd5 15. e3 a5 16. Qc2 Bf5 17. bxa5 Rdxa5 18. Nc4 Rc5 19. Qe2 Bg4 20. f3 exf3 21. Nxf3 Nd4 22. Qd3 Nxf3+ 23. Bxf3 Rd8 24. Qe2 Rxc4 25.
Qxc4 Qxe3+ 26. Rf2 Bxf3 27. Qc7 Re8 28. Qf4 Qxf4 29.
gxf4 Bc6 30. Rd1 h6 31. Rfd2 Re4 32. Rd4 Re2 33. R1d2 Re1+ 34. Kf2 Ra1 35. R4d3 Ne4+ 0-1

[Event "Late-Titled-Tuesday-Blitz-October-10-2023"]
[Site "Chess.com"]
[Date "2023.10.10"]
[Round "1"]
[White "emiliochess"]
[Black "LoydBlankenship"]
[Result "0-1"]
[WhiteElo "2305"]
[BlackElo "2624"]
[TimeControl "180+1"]
[EndTime "14:05:14 PDT"]
[Termination "LoydBlankenship won by resignation"]

1. d4 Nf6 2. Bf4 b6 3. Nc3 Bb7 4. f3 c5 5. dxc5 bxc5 6. e4 d6 7. Bb5+ Bc6 8. a4 e5 9. Be3 Qd7 10. Nge2 Be7 11. O-O O-O 12. Qd3 a6 13. Bc4 Qb7 14.
Rfd1 Nbd7 15. Nd5 Bxd5 16. Bxd5 Nxd5 17. Qxd5 Qxb2 18. Ng3 g6 19. Rab1 Qxc2 20. Rb7 Nf6 21. Qd2 Qxd2 22. Rxd2 Rfe8 23. Bg5 Kg7 24. Ne2 Rab8 25. Ra7 h6 26. Bxf6+ Kxf6 27. Nc3 Bf8 28. Rxa6 Rb3 29. Nb5 c4 30. Nxd6 Bxd6 31. Rdxd6+ Kg7 32. Rdc6 c3 33. Ra7 h5 34. Rac7 Rb1+ 35. Kf2 Rd8 36. Rxc3 Rd2+ 37. Kg3 Rbb2 38. f4 Rxg2+ 0-1

[Event "Late-Titled-Tuesday-Blitz-October-10-2023"]
[Site "Chess.com"]
[Date "2023.10.10"]
[Round "1"]
[White "giomar27"]
[Black "karinachess1"]
[Result "1-0"]
[WhiteElo "2293"]
[BlackElo "2601"]
[TimeControl "180+1"]
[EndTime "14:05:14 PDT"]
[Termination "giomar27 won by resignation"]

1. e4 e5 2. Nc3 Nf6 3. Nf3 Nc6 4. d4 exd4 5. Nxd4 Bb4 6. Nxc6 bxc6 7. Bd3 O-O 8. O-O d5 9. Bd2 Be6 10. Nxd5 cxd5 11.
Bxb4 dxe4 12. Bxf8 exd3 13. Bb4 Bf5 14. cxd3 Bxd3 15. Re1 Qd5 16. Qd2 c5 17. Bc3 Ne4 18. Qe3 h6 19. Rad1 c4 20. Qd4 Nxc3 21. Qxc3 Qg5 22.
Qe5 Qg6 23. b3 cxb3 24. Qd5 bxa2 25. Qxa8+ Kh7 26. Qd5 Bb1 27. Qd4 a5 28. Qa1 a4 29.
Rxb1 axb1=Q 30. Qxb1 f5 31. Re5 a3 32. Qxf5 a2 33.
Qxg6+ Kxg6 34. Ra5 1-0

[Event "Late-Titled-Tuesday-Blitz-October-10-2023"]
[Site "Chess.com"]
[Date "2023.10.10"]
[Round "1"]
[White "RCone"]
[Black "K_A_S_T_O_R"]
[Result "0-1"]
[WhiteElo "2470"]
[BlackElo "2901"]
[TimeControl "180+1"]
[EndTime "14:05:15 PDT"]
[Termination "K_A_S_T_O_R won by resignation"]

1. e4 c5 2. Nc3 a6 3. g3 Nc6 4. Bg2 g6 5. d3 Bg7 6. f4 d6 7. Nf3 e6 8. O-O Nge7 9. Be3 O-O 10. Qd2 Qc7 11. Kh1 Rd8 12. Qf2 b6 13. g4 f5 14.
gxf5 exf5 15. Nd5 Nxd5 16. exd5 Nb4 17. c4 Nxd3 18. Qh4 Nxb2 19. Ng5 h6 20. Ne6 Bxe6 21. dxe6 Nxc4 22. e7 Nxe3 23. exd8=Q+ Qxd8 24. Qg3 Nxg2 25. Qxg2 Bxa1 26. Rxa1 Qe8 27. Qd5+ Kg7 28. Qb7+ Kf6 29. Kg1 Qe3+ 30. Kf1 Qxf4+ 31. Kg1 Qd4+ 32. Kg2 Qe4+ 33. Qxe4 fxe4 34. Rb1 b5 0-1

[Event "Late-Titled-Tuesday-Blitz-October-10-2023"]
[Site "Chess.com"]
[Date "2023.10.10"]
[Round "1"]
[White "Korchmar_Vasiliy"]
[Black "Rozhkov_V"]
[Result "1-0"]
[WhiteElo "2756"]
[BlackElo "2414"]
[TimeControl "180+1"]
[EndTime "14:05:16 PDT"]
[Termination "Korchmar_Vasiliy won by resignation"]

1. e4 e6 2. d4 d5 3. e5 c5 4. c3 Qb6 5. Nf3 Nc6 6. Be2 cxd4 7. cxd4 Nh6 8. Bxh6 Qxb2 9. Nbd2 gxh6 10. O-O Nxd4 11.
Rb1 Nxe2+ 12. Qxe2 Qa3 13. Nd4 a6 14. Rfd1 b5 15. Nf1 Bd7 16. Ne3 Rc8 17. Ng4 Bg7 18. Rb3 Qa4 19. Rg3 Rc4 20. Nb3 Re4 21. Qf3 Qxa2 22.
Nc5 Rd4 23. Rxd4 1-0

[Event "Late-Titled-Tuesday-Blitz-October-10-2023"]
[Site "Chess.com"]
[Date "2023.10.10"]
[Round "1"]
[White "WindWhistler11"]
[Black "SpeedofLight0"]
[Result "0-1"]
[WhiteElo "2509"]
[BlackElo "3019"]
[TimeControl "180+1"]
[EndTime "14:05:17 PDT"]
[Termination "SpeedofLight0 won by resignation"]

1. Nf3 c5 2. g3 g6 3. Bg2 Bg7 4.
d4 cxd4 5. Nxd4 Nc6 6. Nb3 Nf6 7.
O-O O-O 8. Na3 b6 9. c3 Bb7 10. e4 d6 11. Re1 Rc8 12. h3 a6 13. Be3 b5 14. Nc2 Ne5 15. Nd2 Nd3 16. Qb1 Nxe1 17.
Qxe1 Nd7 18. a4 Ne5 19. Qe2 Nc4 20. Nxc4 bxc4 21. a5 Qd7 22. Na3 Qe6 23. Bb6 f5 24. Re1 f4 25. Bf3 fxg3 26. fxg3 Qxh3 27. Qg2 Qe6 28. Qe2 h5 29. Kh2 Rf7 30. Bg2 Be5 31. Bh3 Qf6 32. Bxc8 Bxc8 33. Nxc4 Qh4+ 34. Kg2 Qxg3+ 35.
Kh1 Bg4 0-1

[Event "Late-Titled-Tuesday-Blitz-October-10-2023"]
[Site "Chess.com"]
[Date "2023.10.10"]
[Round "1"]
[White "Smiechu"]
[Black "GMBenjaminBok"]
[Result "0-1"]
[WhiteElo "2506"]
[BlackElo "3010"]
[TimeControl "180+1"]
[EndTime "14:05:17 PDT"]
[Termination "GMBenjaminBok won by resignation"]

1. e4 c5 2. Nf3 d6 3. d4 cxd4 4. Nxd4 Nf6 5. Nc3 a6 6. Be3 e5 7. Nb3 Be6 8. Qd2 Be7 9. O-O-O Nbd7 10. f4 b5 11. f5 Bc4 12. g4 Nxg4 13. Rg1 Nxe3 14.
Qxe3 g6 15. Kb1 Qb6 16. Qg3 Nf6 17. fxg6 hxg6 18. Nd2 Be6 19. Nf3 Rc8 20. Ng5 Nh5 21. Qg2 Nf4 22. Qg3 Bxg5 23. Qxg5 Rxh2 24. Bd3 b4 25.
Nd5 Bxd5 26. exd5 Nxd3 27. Rh1 Qf2 0-1

[Event "Late-Titled-Tuesday-Blitz-October-10-2023"]
[Site "Chess.com"]
[Date "2023.10.10"]
[Round "1"]
[White "TheMagician"]
[Black "ArmanGhevondyanchess"]
[Result "1-0"]
[WhiteElo "2210"]
[BlackElo "2551"]
[TimeControl "180+1"]
[EndTime "14:05:17 PDT"]
[Termination "TheMagician won by checkmate"]

1. d4 Nf6 2. c4 g6 3. Nc3 d5 4.
cxd5 Nxd5 5. e4 Nxc3 6. bxc3 Bg7 7. Bc4 O-O 8. Ne2 c5 9. O-O cxd4 10. cxd4 Nc6 11.
Be3 b6 12. Rc1 Bb7 13. Bd5 Rc8 14. Qd2 e6 15. Bxc6 Bxc6 16. f3 Qd7 17. Rfe1 Rfd8 18. Bg5 Re8 19. e5 Bb5 20. Nc3 Bc4 21. Ne4 Qb5 22. Nd6 Qa6 23. Nxe8 Rxe8 24. Bf6 Bf8 25. Rc2 Qa4 26. Rec1 b5 27. h4 h5 28. Kh2 Qb4 29. Qf4 Kh7 30. g4 Bh6 31. Bg5 Bg7 32. gxh5 gxh5 33. Bf6 Bd3 34. Bxg7 Kxg7 35. Rg2+ Bg6 36. Qf6+ Kh6 37. Rcg1 Rg8 38. Rxg6+ fxg6 39. Rxg6+ Rxg6 40. Qh8# 1-0

[Event "Late-Titled-Tuesday-Blitz-October-10-2023"]
[Site "Chess.com"]
[Date "2023.10.10"]
[Round "1"]
[White "MKlose11"]
[Black "Zampronha1971"]
[Result "1-0"]
[WhiteElo "2620"]
[BlackElo "2288"]
[TimeControl "180+1"]
[EndTime "14:05:20 PDT"]
[Termination "MKlose11 won by resignation"]

1. e4 c5 2. Nc3 Nc6 3. g3 g6 4. Bg2 Bg7 5. d3 d6 6. Be3 e6 7. Qd2 Nge7 8. Bh6 O-O 9. h4 Nd4 10. Bxg7 Kxg7 11. h5 f6 12. hxg6 hxg6 13. Qh6+ Kf7 14.
O-O-O Rg8 15. Nge2 Nxe2+ 16. Nxe2 Qf8 17. Qh7+ Rg7 18. Qh2 Bd7 19. d4 cxd4 20. Rxd4 Nc6 21. Rd2 Rd8 22. Rhd1 Bc8 23. f4 Kg8 24. a3 Rc7 25.
Kb1 b6 26. e5 dxe5 27. Bxc6 Rxd2 28. Rxd2 Rxc6 29. fxe5 fxe5 30. Nc3 Qf1+ 31. Rd1 Qf3 32. Rd8+ Kf7 33. Qh7+ Kf6 34. Rf8+ 1-0